AoeStats
← John Hawkwood

Arabia

508254933Analyzed
1v1 RM · 11d ago on Sep 21, 2026· 41m 35s· 2 players
Game mode
Random Map
Map size
Tiny (2 player)
Population
200
Speed
Normal
Resources
Standard
Victory
Conquest
Starting age
Dark Age
Ending age
Imperial Age
RankedLock teamsTeams togetherTeam positionsShared explorationLock speedFull tech treeHidden civsTurbo modeCheats
Victory
Defeat
🇫🇷 Mongols · France
1084
+15
🇺🇸 Magyars · United States
1068
-15
John Hawkwood
9:07 Loom
11:06 Feudal Age
14:29 Bloodlines
18:31 Horse Collar
25:18 Castle Age
25:37 Scale Barding Armor
27:38 Wheelbarrow
27:42 Husbandry
29:02 Double-Bit Axe
32:23 Wheelbarrow
37:59 Fletching
38:12 Elite Skirmisher
39:43 Padded Archer Armor
39:40 Bodkin Arrow
40:14 Padded Archer Armor
Guerrier Leffe
8:32 Feudal Age
7:51 Loom
13:15 Fletching
18:28 Double-Bit Axe
24:15 Castle Age
25:18 Bow Saw
24:32 Crossbowman
28:16 Bodkin Arrow
29:04 Wheelbarrow
32:00 Ballistics
32:58 Hand Cart
38:32 Padded Archer Armor
41:29 Imperial Age
38:46 Town Watch
Connection lost

Rejoining the realm…

Still unreachable

The connection could not be restored.

Session expired

The server has moved on; the page needs a fresh start.